 Dungeon Crawl Stone Soup version 0.19-a0-47-g1fa3c7d (webtiles) character file.

61 Eucla the Insei (level 4, -4/22 HPs)
             Began as a Vine Stalker Transmuter on May 5, 2016.
             Slain by Shasbat's ghost (8 damage)
             ... on level 3 of the Dungeon.
             The game lasted 00:02:13 (1149 turns).

Eucla the Insei (Vine Stalker Transmuter)           Turns: 1149, Time: 00:02:14

Health: -4/22      AC:  1    Str: 13    XL:     4   Next: 7%
Magic:  0/8        EV: 12    Int: 13    God:
Gold:   92         SH:  0    Dex: 17    Spells: 2 memorised, 3 levels left

rFire  + + .     SeeInvis .       - Unarmed
rCold  + . .     Gourm    .     b - +0 robe
rNeg   . . .     Faith    +     (no shield)
rPois  +         Spirit   +     (no helmet)
rElec  +         Dismiss  .     (no cloak)
rCorr  +         Reflect  .     (no gloves)
SustAt .         Harm     .     (no boots)
MR     .....                    h - amulet of faith
Stlth  +.........               o - ring of loudness (curse)
                                n - +2 ring of dexterity

@: resistant, very slightly contaminated, hasted, very quick, not resistant to
hostile enchantments, very unstealthy
A: fangs 2, deformed body, fire resistance 1, regeneration 1, magic shield,
antimagic bite, no device heal 3, rot immunity, MP-powered wands
a: no special abilities


You were on level 3 of the Dungeon.
You were not hungry.

You visited 1 branch of the dungeon, and saw 3 of its levels.

You collected 92 gold pieces.

Inventory:

Missiles
 a - 26 arrows
Armour
 b - a +0 robe (worn)
Jewellery
 h - an amulet of faith (around neck)
 n - a +2 ring of dexterity (left hand)
 o - a cursed ring of loudness (right hand)
Scrolls
 i - a scroll of noise {unknown}
 j - 2 scrolls of remove curse {unknown}
Potions
 g - 2 potions of curing
Books
 c - a book of Changes

   Spells                             Type                      Level
   a - Beastly Appendage              Transmutation                1
   b - Sticks to Snakes               Transmutation                2
   c - Spider Form                    Transmutation/Poison         3
   d - Ice Form                       Ice/Transmutation            4
   e - Blade Hands                    Transmutation                5
Comestibles
 d - 2 bread rations
 p - a meat ration
 q - 2 chunks of flesh


   Skills:
 - Level 1.6 Fighting
 - Level 1.5 Dodging
 + Level 3.9 Unarmed Combat
 - Level 2.1 Spellcasting
 + Level 2.4 Transmutations
 + Level 1.2 Poison Magic


You had 3 spell levels left.
You knew the following spells:

 Your Spells              Type           Power        Failure   Level  Hunger
a - Beastly Appendage     Trmt           #.....       10%         1    ##.....
b - Spider Form           Trmt/Pois      #.........   38%         3    ####...


Dungeon Overview and Level Annotations

Branches:
Dungeon (3/15)

Altars:

Annotations:
D:3 Shasbat's ghost, amateur GrBe


Innate Abilities, Weirdness & Mutations

You have extremely sharp teeth.
Your natural rate of healing is unusually fast.
When hurt, damage is shared between your health and your magic reserves.
Your bite disrupts and absorbs the magic of your enemies.
Potions and wands cannot restore your health.
You are immune to rotting.
Armour fits poorly on your strangely shaped body.
Your flesh is heat resistant.
You expend magic power (3 MP) to strengthen your wands.


Message History

Shasbat's ghost is lightly damaged.
Shasbat's ghost misses you.
You hit Shasbat's ghost.
Shasbat's ghost is moderately damaged.
You hit Shasbat's ghost but do no damage.
You bite Shasbat's ghost. You drain its power.
Shasbat's ghost is moderately damaged.
Shasbat's ghost hits you!
You hit Shasbat's ghost. You bite Shasbat's ghost. You drain its power.
You feel invigorated.
Shasbat's ghost is heavily damaged.
You hit Shasbat's ghost but do no damage.
You bite Shasbat's ghost, but do no damage.
Shasbat's ghost is heavily damaged.
Shasbat's ghost hits you!
* * * LOW HITPOINT WARNING * * *
You hit Shasbat's ghost. Your bite misses Shasbat's ghost.
Shasbat's ghost is heavily damaged.
Shasbat's ghost hits you!
You die...

*,* **,*,******,* *,*
**,*,,* *,* *,****,***,**
*,* *,,,,>** **,*
*,******* *,****,***,**
*,,,,,,,* *,* **,*,**
*******,* *,* **,**
***##.******* *,*
*,##########....#,,,,,,,
*,*
***,#....@Wwgg..#*,*******
*,****,,,#.########..#***
*,,,,,,,,,,,,,,,,*,,,#
******,***,*****,*,,,* *,*
*,* *,*,,,* *,* *,*
*,*,,,* ** *,* *,*
*,,,,,****** *,
*,***,*******,,,,,,,,* **,
*,,,,,,,,,,,,,,,,>,*,***,,


You could see a worm, Shasbat's ghost, a hobgoblin and a goblin.

Vanquished Creatures
  An adder (D:2)
  2 oozes (D:1)
  A worm (D:2)
  2 giant geckos (D:2)
  4 giant cockroaches
  4 goblins
  6 hobgoblins
  7 bats
  5 giant newts (D:1)
  7 rats
39 creatures vanquished.

Notes
Turn   | Place    | Note
--------------------------------------------------------------
     0 | D:1      | Eucla the Vine Stalker Transmuter began the quest for the Orb.
     0 | D:1      | Reached XP level 1. HP: 9/9 MP: 4/4
    28 | D:1      | Reached skill level 1 in Fighting
    86 | D:1      | Reached XP level 2. HP: 14/14 MP: 6/6
   280 | D:1      | Reached XP level 3. HP: 11/18 MP: 7/7
   301 | D:1      | Learned a level 3 spell: Spider Form
   847 | D:2      | Reached skill level 1 in Poison Magic
   855 | D:2      | Found a faded altar to an unknown god.
  1034 | D:2      | Reached XP level 4. HP: 5/22 MP: 2/8
  1128 | D:3      | Noticed Shasbat's ghost (amateur GrBe)
  1139 | D:3      | Gained mutation: Your flesh is heat resistant. [potion of mutation]
  1139 | D:3      | Gained mutation: Armour fits poorly on your strangely shaped body. [potion of mutation]
  1139 | D:3      | Gained mutation: You expend magic power (3 MP) to strengthen your wands. [potion of mutation]
  1149 | D:3      | Slain by Shasbat's ghost

Vault maps used:
D:1:      tarquinn_simple_flora_water_a
D:2:      ecumenical_altar_1
D:3:      nicolae_overflow_crystal_walls, gup_sewer_entry_spiral

Skill      XL: |  1  2  3 |
---------------+----------+-----
Fighting       | 1 |  1.6
Poison Magic   | 1 |  1.2
Dodging        | |  1.5
Unarmed Combat | |  3.9
Spellcasting   | |  2.1
Transmutations | |  2.4

Action                   |  1- 3 |  4- 6 || total
-------------------------+-------+-------++-------
Melee: Unarmed           |   124 |    15 ||   139
       Bite              |    24 |     7 ||    31
       Punch             |       |     1 ||     1
  Use: Potion            |       |     4 ||     4
       Scroll            |       |     2 ||     2
 Stab: Sleeping          |     1 |       ||     1
  Eat: Chunk             |       |     1 ||     1
Armor: Robe              |    24 |     3 ||    27
Dodge: Dodged            |    70 |     7 ||    77
